 Dungeon Crawl Stone Soup version 0.31.0-11-ge490571c62 (webtiles) character file.

Game seed: 7271608148847428693

1108 ChrisAssaf the Charlatan (level 8, -1/58 HPs)
             Began as a Human Artificer on Feb 4, 2024.
             Was a Follower of Nemelex Xobeh.
             Slain by a troll (6 damage)
             ... on level 5 of the Dungeon.
             The game lasted 00:20:33 (5276 turns).

ChrisAssaf the Charlatan (Human Artificer)          Turns: 5276, Time: 00:20:33

Health: -1/58      AC:  7    Str: 12    XL:     8   Next: 33%
Magic:  9/9        EV: 12    Int: 14    God:    Nemelex Xobeh [*.....]
Gold:   216        SH:  0    Dex: 14    Spells: 5/9 levels left

rFire   . . .        c - +0 whip (elec)
rCold   . . .        (no shield)
rNeg    . . .        h - +2 leather armour {Will+}
rPois   .            s - +2 hat
rElec   .            (no cloak)
rCorr   .            (no gloves)
SInv    .            (no boots)
Will    ++...        (no amulet)
Stlth   ++           f - ring of willpower
HPRegen 0.29/turn    (no ring)
MPRegen 0.11/turn

%: no passive effects
@: no status effects
A: explore regen
a: Renounce Religion, Draw Escape, Draw Destruction, Draw Summoning


You were on level 5 of the Dungeon.
You worshipped Nemelex Xobeh.
Nemelex Xobeh was aware of your devotion.
You visited 2 branches of the dungeon, and saw 6 of its levels.

You collected 216 gold pieces.

Inventory:

Hand Weapons
 a - a +0 club
 c - a +0 whip of electrocution (weapon)
 n - a +1 falchion of protection
Missiles
 l - a throwing net (quivered)
Armour
 b - a +0 leather armour
 h - a +2 leather armour of willpower (worn)
 s - a +2 hat (worn)
Jewellery
 f - a ring of willpower (left hand)
 j - a ring of willpower
Talismans
 u - a flux talisman
Wands
 e - a wand of iceblast (5)
 v - a wand of flame (15)
Scrolls
 p - a scroll of teleportation
 t - a scroll of immolation
Potions
 g - a potion of curing
 i - 3 potions of cancellation
 k - a potion of might
 m - a potion of degeneration
 o - a potion of heal wounds {unknown}
 q - a potion of enlightenment
 r - a potion of haste
 w - a potion of mutation {unknown}


   Skills:
 * Level 3.3 Fighting
 - Level 1.4(2.2) Short Blades
 * Level 2.4(2.6) Long Blades
 * Level 1.1 Maces & Flails
 * Level 1.6 Throwing
 * Level 3.5 Armour
 * Level 3.4 Dodging
 * Level 3.1 Stealth
 * Level 1.1 Spellcasting
 * Level 0.9 Conjurations
 * Level 0.5 Summonings
 * Level 0.5 Necromancy
 * Level 0.8 Fire Magic
 * Level 0.6 Alchemy
 * Level 1.6 Invocations
 * Level 5.3 Evocations
 * Level 0.3 Shapeshifting


You had 5 spell levels left.
You knew the following spells:

 Your Spells              Type           Power      Damage    Failure   Level
a - Foxfire               Conj/Fire      12%        2x1d4     22%         1
b - Summon Small Mammal   Summ           8%         N/A       26%         1
c - Sting                 Conj/Alch      8%         1d3       24%         1
d - Necrotise             Necr           8%         1d4       26%         1

Your spell library contained the following spells:

 Spells                   Type           Power      Damage    Failure   Level
 Apportation              Tloc           0%         N/A       32%         1
 Ensorcelled Hibernation  Hex/Ice        0%         N/A       45%         2
 Passwall                 Erth           0%         N/A       69%         3
 Swiftness                Air            0%         N/A       69%         3
 Leda's Liquefaction      Alch/Erth      0%         N/A       96%         4
 Lee's Rapid Deconstruct  Erth           0%         3d4*      100%        5
 Bombard                  Conj/Erth      1%         9d1       100%        6
 Plasma Beam              Fire/Air       0%         2x1d10    100%        6
 Starburst                Conj/Fire      1%         6d3       100%        6


Dungeon Overview and Level Annotations

Branches:
Dungeon (5/15)             Temple (1/1) D:4

Altars:
Ashenzari
Cheibriados
Dithmenos
Fedhas
Gozag
Hepliaklqana
Makhleb
Nemelex Xobeh
Okawaru
Qazlal
Sif Muna
Trog
Uskayaw
Vehumet
Xom
Yredelemnul
Zin
The Shining One


Innate Abilities, Weirdness & Mutations

You regain HP and MP as you explore.


Message History

Aim: a troll (lightly wounded)
The mass of ice explodes!
The iceblast engulfs the troll!!
The troll is severely wounded.
You draw a card...
You have drawn the Storm.
A fierce wind blows from the card.
You hear a mighty peal of thunder!
The troll barely misses you.
The troll claws you but does no damage. x2
You draw a card...
You have drawn Pain.
Press: ? - help, Shift-Dir - straight line, f/p - troll
Aim: a troll (severely wounded)
The troll convulses!
The troll misses you. The troll claws you. The troll claws you!
Unknown command.
You hit the troll.
The troll is almost dead.
The troll bites you!
The troll claws you but does no damage. x2
You barely miss the troll.
The troll is almost dead.
The troll bites you!
The troll claws you but does no damage. x2
You closely miss the troll.
The troll is almost dead.
The troll barely misses you. The troll claws you but does no damage.
The troll claws you.
You closely miss the troll.
The troll is severely wounded.
The troll bites you. The troll closely misses you. x2
You draw a card...
You have drawn Pain.
Press: ? - help, Shift-Dir - straight line, f/p - troll
Aim: a troll (severely wounded)
The troll convulses!
The troll bites you! The troll claws you. x2
Unknown command.
You feel better. The troll barely misses you. The troll claws you! x2
* * * LOW HITPOINT WARNING * * *
You draw a card...
You have drawn Velocity.
Nothing appears to happen.
The troll bites you.
* * * LOW HITPOINT WARNING * * *
The troll barely misses you. The troll claws you.
You die...
Your body glows slightly and disappears.

...<# #...#
...##
###.####.##
####
#..........
#.######.#.
####.#
#....#
#''### ♣..♣
♣.@♣ ♣.T♣
♣..♣ ♣..♣
♣..♣ ♣..♣
#((# .##.


You could see a troll.

Vanquished Creatures
  Edmund (D:4)
  Blork the orc (D:4)
  A gnoll sergeant (D:4)
  A howler monkey (D:4)
  2 hounds (D:4)
  A gnoll bouda (D:4)
  Terence (D:2)
  Natasha (twice) (D:2)
  An iguana (D:5)
  15 gnolls (D:4)
  2 adders
  A dart slug (D:1)
  A ribbon worm (D:3)
  13 orcs
  5 ball pythons
  8 endoplasms
  3 giant cockroaches
  13 goblins
  7 hobgoblins
  7 jackals (D:4)
  9 kobolds
  2 quokkas
  A bat (D:3)
  4 frilled lizards
  5 rats
107 creatures vanquished.

Vanquished Creatures (collateral kills)
  Grinder (D:5)
  A phantom (D:5)
  Natasha (D:2)
  Robin (D:2)
  2 adders (D:5)
  3 gnolls (D:4)
  3 orcs (D:4)
  A giant cockroach (D:4)
  A goblin (D:2)
  3 jackals (D:4)
17 creatures vanquished.

Vanquished Creatures (others)
  A killer bee (D:5)
  An orc wizard (D:4)
  2 gnolls (D:4)
  An orc (D:4)
  4 goblins (D:2)
  A jackal (D:4)
  69 foxfires
79 creatures vanquished.

Grand Total: 203 creatures vanquished

Notes
Turn   | Place    | Note
-------+----------+-------------------------------------------
     0 | D:1      | ChrisAssaf the Human Artificer began the quest for the Orb.
     0 | D:1      | Reached XP level 1. HP: 15/15 MP: 1/1
   170 | D:1      | Reached XP level 2. HP: 12/21 MP: 2/2
   322 | D:2      | Noticed Natasha
   327 | D:2      | Killed Natasha
   328 | D:2      | Reached XP level 3. HP: 26/26 MP: 3/3
   446 | D:2      | Noticed Natasha
   467 | D:2      | Killed Natasha
   468 | D:2      | Reached skill level 4 in Evocations
   468 | D:2      | Reached XP level 4. HP: 12/32 MP: 4/4
   472 | D:2      | Noticed Natasha
   480 | D:2      | Killed Natasha
   489 | D:2      | Noticed Terence
   499 | D:2      | Killed Terence
   500 | D:2      | Reached skill level 1 in Short Blades
   500 | D:2      | Reached XP level 5. HP: 20/38 MP: 5/5
   509 | D:2      | Noticed Robin
   519 | D:2      | Killed Robin
  1215 | D:4      | Noticed Blork the orc
  1224 | D:4      | Killed Blork the orc
  1225 | D:4      | Reached XP level 6. HP: 8/44 MP: 6/6
  1559 | D:4      | Found a staircase to the Ecumenical Temple.
  1595 | Temple   | Entered the Ecumenical Temple
  1650 | Temple   | Became a worshipper of Nemelex Xobeh the Trickster
  1698 | D:4      | Noticed Edmund
  1703 | D:4      | Killed Edmund
  1704 | D:4      | Reached skill level 5 in Evocations
  1750 | D:4      | Reached XP level 7. HP: 51/51 MP: 7/7
  1987 | D:4      | Reached skill level 1 in Long Blades
  2341 | D:4      | Reached skill level 1 in Invocations
  2452 | D:4      | Learned a level 1 spell: Foxfire
  2479 | D:4      | Reached skill level 1 in Throwing
  4013 | D:2      | Reached * piety under Nemelex Xobeh
  4481 | D:1      | Learned a level 1 spell: Summon Small Mammal
  4483 | D:1      | Learned a level 1 spell: Sting
  4485 | D:1      | Learned a level 1 spell: Necrotise
  4615 | D:1      | Received a gift from Nemelex Xobeh
  4967 | D:5      | Entered Level 5 of the Dungeon
  4970 | D:5      | Noticed Grinder
  4976 | D:5      | Reached XP level 8. HP: 58/58 MP: 7/9
  4982 | D:5      | Killed Grinder
  4983 | D:5      | Reached skill level 1 in Maces & Flails
  4983 | D:5      | Reached skill level 1 in Spellcasting
  5262 | D:5      | Noticed a troll
  5276 | D:5      | Slain by a troll

Illustrated notes

Levels and vault maps discovered:
D:1:      eino_arrival_cavern_b, layout_rooms, chequers_avenue
D:2:      layout_basic, dreamdust_mushroom_princess, uniq_natasha, uniq_terence,
          uniq_robin
D:3:      layout_loops_ring
D:4:      lemuel_castle_with_subvaults [lemuel_castle_interior_carwin_3],
          layout_loops_ring, minmay_temple_entry_offerings, uniq_edmund,
          uniq_blork_the_orc
D:5:      kennysheep_big_flooded_room, layout_basic, serial_bayou_pond_a,
          dk_noncrumbling_3, nicolae_shop_national_dungeon_mall, uniq_grinder
Temple:   compressed_dpeg_circular_temple

Skill      XL: |  1  2  3  4  5  6  7  8 |
---------------+-------------------------+-----
Evocations     | 4 5 |  5.3
Short Blades   | 1 |  1.4
Dodging        | 2 3 |  3.4
Fighting       | 2 3 |  3.3
Stealth        | 2 3 |  3.1
Armour         | 3 |  3.5
Long Blades    | 2 |  2.4
Invocations    | 1 |  1.6
Throwing       | 1 |  1.6
Maces & Flails | 1 |  1.1
Spellcasting   | 1 |  1.1
Conjurations   | |  0.9
Summonings     | |  0.5
Necromancy     | |  0.5
Fire Magic     | |  0.8
Alchemy        | |  0.6
Shapeshifting  | |  0.3

Action                     |  1- 3 |  4- 6 |  7- 9 || total
---------------------------+-------+-------+-------++-------
  Melee: Dagger            |    41 |    61 |       ||   102
         Club              |     3 |       |       ||     3
         Falchion          |       |    21 |   105 ||   126
         Whip              |       |       |   102 ||   102
         Punch             |       |       |     4 ||     4
  Throw: Throwing net      |       |       |     3 ||     3
   Cast: Foxfire           |       |       |    35 ||    35
         Sting             |       |       |     5 ||     5
 Invoke: Draw Summoning    |       |       |     1 ||     1
         Draw Destruction  |       |       |     3 ||     3
         Draw Escape       |       |       |     1 ||     1
  Evoke: Wand              |     7 |    27 |     9 ||    43
    Use: Scroll            |     3 |     6 |     8 ||    17
         Potion            |       |     3 |     1 ||     4
   Stab: Sleeping          |     3 |       |     2 ||     5
         Held in net/web   |       |       |     3 ||     3
 Armour: Leather armour    |    34 |   114 |   170 ||   318
  Dodge: Dodged            |    28 |    70 |   172 ||   270
